 Dungeon Crawl Stone Soup version 0.30-a0-939-gc8157cb160 (webtiles) character file.

Game seed: 4475852779639726360

95 fozzywoppz the Shield-Bearer (level 4, -4/29 HPs)
             Began as a Gargoyle Fighter on Mar 25, 2023.
             Slain by Terence
             ... wielding a +0 flail
              (5 damage)
             ... on level 3 of the Dungeon.
             The game lasted 00:06:28 (2137 turns).

fozzywoppz the Shield-Bearer (Gargoyle Fighter)     Turns: 2137, Time: 00:06:29

Health: -4/29      AC: 10    Str: 22    XL:     4   Next: 66%
Magic:  4/4        EV: 14    Int:  8    God:
Gold:   131        SH:  4    Dex:  9    Spells: 3/3 levels left

rFire   . . .      SeeInvis .      - Unarmed
rCold   + . .      Faith    .    b - +0 buckler
rNeg    + . .      Spirit   .    a - +0 scale mail
rPois   ∞          Reflect  .    (no helmet)
rElec   +          Rampage  .    (no cloak)
rCorr   .                        (no gloves)
Will    .....                    (no boots) Stlth
                                 (no amulet)
HPRegen 0.24/turn                j - ring of protection from cold
MPRegen 0.09/turn                k - +5 ring of evasion

@: mighty
A: sickness immunity, AC +3, negative energy resistance 1, electricity
resistance, torment resistance 1, petrification resistance
a: no special abilities


You were on level 3 of the Dungeon.
You visited 1 branch of the dungeon, and saw 4 of its levels.

You collected 131 gold pieces.

Inventory:

Hand Weapons
 e - a +3 dagger
Missiles
 n - 5 boomerangs (quivered)
Armour
 a - a +0 scale mail (worn)
 b - a +0 buckler (worn)
 m - a +0 plate armour
Jewellery
 j - a ring of protection from cold (left hand)
 k - a +5 ring of evasion (right hand)
Scrolls
 g - a scroll of noise {unknown}
 h - a scroll of silence {unknown}
 o - a scroll of fear
Potions
 i - a potion of mutation
 p - a potion of haste {unknown}
 q - a potion of lignification {unknown}


   Skills:
 + Level 3.7 Fighting
 + Level 3.9 Armour
 - Level 0.2 Dodging
 - Level 0.2 Stealth
 + Level 4.0 Shields
 + Level 3.2 Unarmed Combat


You had 3 spell levels left.
You didn't know any spells.
Your spell library contained the following spells:

 Spells                   Type           Power      Damage    Failure   Level
 Necrotise                Necr           0%         1d4       82%         1
 Stone Arrow              Conj/Erth      0%         3d7       99%         3
 Vampiric Draining        Necr           0%         2d6       99%         3
 Animate Armour           Summ/Erth      0%         N/A       100%        4
 Agony                    Necr           0%         N/A       100%        5
 Lehudib's Crystal Spear  Conj/Erth      0%         10d2      100%        8


Dungeon Overview and Level Annotations

Branches:
Dungeon (4/15)
 Temple: D:4-7

Altars:

Shops:
D:4 *

Annotations:
D:3 Terence


Innate Abilities, Weirdness & Mutations

You are immune to sickness and miasma.
Your stone body is resilient. (AC +3)
You are immune to poison.
You resist negative energy. (rN+)
You are resistant to electric shocks. (rElec)
You are resistant to unholy torment.
You are immune to petrification.


Message History

Jessica barely misses you.
You hit Jessica.
You kill Jessica!
Your Unarmed Combat skill increases to level 3!
Unknown command.
You hit the ball python.
You kill the ball python!
You hit the endoplasm.
The endoplasm is almost dead.
The endoplasm freezes you.
You are frozen.
You resist.
You completely miss the endoplasm.
The endoplasm is almost dead.
You block the endoplasm's attack.
You barely miss the endoplasm.
The endoplasm is almost dead.
Terence hits you with a +0 flail.
The endoplasm hits you but does no damage.
You hit the endoplasm but do no damage.
The endoplasm is almost dead.
Terence barely misses you. The endoplasm barely misses you.
The endoplasm attacks as you move away! The endoplasm closely misses you.
Terence hits you with a +0 flail.
You punch Terence!
Terence is moderately wounded.
Terence hits you with a +0 flail.
* * * LOW HITPOINT WARNING * * *
You barely miss Terence.
Terence is moderately wounded.
You block Terence's attack.
You hit Terence but do no damage.
Terence is moderately wounded.
Terence hits you but does no damage.
You feel very mighty all of a sudden. Terence hits you with a +0 flail!
* * * LOW HITPOINT WARNING * * *
You punch Terence!
Terence is severely wounded.
Terence hits you with a +0 flail.
You die...

..# #†#.# o.#
#.#.#### .o#
#......#######
..#
#.#.##.#.....#
...
#.#.##.#.....#
...
#.#..........#
....
###.####.#.....#
#......[.#..†..#
#.#.....@#######
#..##@###
#..).r..#
#..##.#.# #....
..#.# ###@.....
. #.####.... #.
..##+ .#.


You could see Terence and a rat.

Vanquished Creatures
  Jessica (D:3)
  An adder (D:2)
  A dart slug (D:1)
  A worm (D:3)
  2 orcs (D:3)
  7 ball pythons
  An endoplasm (D:1)
  3 giant cockroaches
  3 goblins
  7 hobgoblins
  8 jackals
  2 kobolds (D:2)
  3 quokkas
  3 bats (D:1)
  A frilled lizard (D:1)
  3 rats (D:1)
47 creatures vanquished.

Vanquished Creatures (others)
  8 plants (D:3)
8 creatures vanquished.

Grand Total: 55 creatures vanquished

Notes
Turn   | Place    | Note
-------+----------+-------------------------------------------
     0 | D:1      | fozzywoppz the Gargoyle Fighter began the quest for the
                  | Orb.
     0 | D:1      | Reached XP level 1. HP: 14/14 MP: 1/1
    48 | D:1      | Reached XP level 2. HP: 12/19 MP: 2/2
   419 | D:1      | Reached XP level 3. HP: 24/24 MP: 3/3
   997 | D:2      | Identified the +0 leather armour of Ofam {rC+ Str+3 Slay+3
                  | SInv}
  1911 | D:3      | Reached XP level 4. HP: 25/29 MP: 4/4
  1968 | D:4      | Found Gioshe's Assorted Antiques.
  2058 | D:3      | Reached skill level 4 in Shields
  2114 | D:3      | Noticed Jessica
  2121 | D:3      | Noticed Terence
  2123 | D:3      | Killed Jessica
  2136 | D:3      | HP: 1/29 [Terence/+0 flail (7)]
  2137 | D:3      | Slain by Terence

Illustrated notes

Levels and vault maps discovered:
D:1:      lightli_molten_gateway, layout_basic
D:2:      layout_loops_corners, minmay_indecisive_spiral
D:3:      cheibrodos_old_hovel, layout_loops_cross,
          mainiacjoe_overflow_boulevard, uniq_terence, uniq_jessica, uniq_robin
D:4:      layout_gridville, serial_shops, nicolae_shop_statue_plus,
          dk_noncrumbling_4, nicolae_kite_square_tiling_tiny, st_stairs_1,
          uniq_pikel, uniq_grinder

Skill      XL: |  1  2  3  4 |
---------------+-------------+-----
Shields        | 4 |  4.0
Unarmed Combat | 3 |  3.2
Fighting       | |  3.7
Armour         | |  3.9
Dodging        | |  0.2
Stealth        | |  0.2

Action                     |  1- 3 |  4- 6 || total
---------------------------+-------+-------++-------
  Melee: Unarmed           |   174 |    60 ||   234
    Use: Scroll            |     4 |     1 ||     5
         Potion            |       |     1 ||     1
 Armour: Scale mail        |    52 |    13 ||    65
  Dodge: Dodged            |   103 |    34 ||   137
  Block: Buckler           |    30 |     7 ||    37

Table legend: (Time is in decaauts)
 A = Elapsed time spent in this place.
 B = Non-inter-level travel time spent in this place.
 C = Inter-level travel time spent in this place.
 D = Time resting spent in this place.
 E = Time spent auto-exploring this place.
 F = Levels seen in this place.
 G = Mean time per level.
                   A        B        C        D        E       F      G
               +--------+--------+--------+--------+--------+-----+--------+
         Total |   2136 |   2081 |     55 |     56 |    897 |   4 |  534.0 |
       Dungeon |   2136 |   2081 |     55 |     56 |    897 |   4 |  534.0 |
               +--------+--------+--------+--------+--------+-----+--------+

Top non-repeatable levels by time:
     D:2: 951 daAuts
     D:1: 905 daAuts
     D:3: 193 daAuts
     D:4: 86 daAuts
